 Dungeon Crawl Stone Soup version 0.22-a0-253-gf9d0ce5 (webtiles) character file.

6 zero the Stinger (level 1, 0/9 HPs)
             Began as a Spriggan Venom Mage on Feb 19, 2018.
             Slain by a leopard gecko (1 damage)
             ... on level 1 of the Dungeon on Mar 3, 2018.
             The game lasted 00:01:52 (166 turns).

zero the Stinger (Spriggan Venom Mage)               Turns: 166, Time: 00:01:53

Health: 0/9        AC:  2    Str:  4    XL:     1   Next: 75%
Magic:  0/5        EV: 18    Int: 16    God:
Gold:   0          SH:  0    Dex: 16    Spells: 4/5 levels left

rFire    . . .     SeeInvis +   (weapon restricted)
rCold    . . .     Gourm    .   (shield restricted)
rNeg     . . .     Faith    .   a - +0 robe
rPois    .         Spirit   .   (helmet restricted)
rElec    .         Reflect  .   (no cloak)
rCorr    .         Harm     .   (gloves unavailable)
MR       .....                  (boots unavailable)
Stlth    ++........             (no amulet)
HPRegen  0.03/turn              (no ring)
MPRegen  0.09/turn              (no ring)

@: very slightly contaminated, very quick
A: very small, unfitting armour, see invisible, herbivore, speed 3, slow
metabolism 2
a: no special abilities


You were on level 1 of the Dungeon.
You were not hungry.

You visited 1 branch of the dungeon, and saw 1 of its levels.

Inventory:

Armour
 a - a +0 robe (worn)
Scrolls
 c - a scroll of amnesia {unknown}
 d - a scroll of teleportation {unknown}
Comestibles
 b - a ration


   Skills:
 - Level 3.0 Dodging
 - Level 3.0 Stealth
 + Level 2.7 Spellcasting
 * Level 0.7 Conjurations
 + Level 3.3 Poison Magic


You had 4 spell levels left.
You knew the following spells:

 Your Spells              Type           Power        Failure   Level  Hunger
a - Sting                 Conj/Pois      #...         9%          1    #......


Dungeon Overview and Level Annotations

Branches:
Dungeon (1/15)

Altars:


Innate Abilities, Weirdness & Mutations

You are very small and have problems with some larger weapons.
You are too small for most types of armour.
You have supernaturally acute eyesight. (SInv)
You are a herbivore.
You cover ground extremely quickly.
You need consume almost no food.


Message History

Confirm with . or Enter, or press ? or * to list all spells.
Aiming: Sting (safe; 9% risk of failure)
Press: ? - help, Shift-Dir - straight line, f/p - kobold
Aim: a kobold, wielding a short sword (moderately wounded)
The sting misses the leopard gecko.
The sting hits the kobold.
The kobold is poisoned.
You kill the kobold!
Welcome back, zero the Spriggan Venom Mage.
Press ? for a list of commands and other information.
Welcome back, zero the Spriggan Venom Mage.
Press ? for a list of commands and other information.
The leopard gecko misses you.
You hit the leopard gecko.
The leopard gecko is almost dead.
The leopard gecko hisses menacingly.
The leopard gecko closely misses you.
You hit the leopard gecko but do no damage.
The leopard gecko is almost dead.
The leopard gecko barely misses you. The leopard gecko bites you.
You die...

.. %. ##. #.. #.. #..
#.# #.. #.# #..
############.# #..
##.l....).....###..
##.@≈≈≈≈≈≈≈.........
##..≈≈...♣.≈≈....##..
#..≈≈.......≈≈...##..
#.≈≈..8.<....≈≈..##K#
#.≈........8..≈.###..
#.≈.....♣.....≈.# ###
#.≈≈.♣.....(.≈≈.#
#..≈≈..8....≈≈..#
##..≈≈♣....≈≈...#


You could see a leopard gecko.

Vanquished Creatures
  2 kobolds (D:1)
  2 goblins (D:1)
  2 rats (D:1)
6 creatures vanquished.

Notes
Turn   | Place    | Note
-------+----------+-------------------------------------------
     0 | D:1      | zero the Spriggan Venom Mage began the quest for the Orb.
     0 | D:1      | Reached XP level 1. HP: 9/9 MP: 5/5
   164 | D:1      | Upgraded the game from 0.22-a0-224-g8cf3520 to 0.22-a0-253-gf9d0ce5
   166 | D:1      | Slain by a leopard gecko

Vault maps used:
D:1:      moated_graveyard_arrival

Action                   || total
-------------------------++-------
Melee: Unarmed           ||    23
 Cast: Sting             ||     9
Dodge: Dodged            ||    27

Table legend:
 A = Spawn XP
 B = Non-spawn XP
 C = Spawn XP percentage of total XP
 D = Spawn monster count
 E = Non-spawn monster count
 F = Spawn count percentage of total count
 G = Total turns spent on level
                    A         B        C        D         E        F      G
               +---------+---------+-------+---------+---------+-------+---------
         Total |       0 |       9 |   0.0 |       0 |       6 |   0.0 |   166
               +---------+---------+-------+---------+---------+-------+---------
           D:1 |       0 |       9 |   0.0 |       0 |       6 |   0.0 |   166
               +---------+---------+-------+---------+---------+-------+---------
